 Dungeon Crawl Stone Soup version 0.30.1-11-g7821555f0a (webtiles) character file.

Game seed: 12783789001205904270

380 hawla the Firebug (level 6, -1/33 HPs)
             Began as a Deep Elf Fire Elementalist on Oct 27, 2023.
             Slain by a gnoll
             ... wielding a +0 club
              (4 damage)
             ... on level 4 of the Dungeon.
             The game lasted 00:07:17 (3126 turns).

hawla the Firebug (Deep Elf Fire Elementalist)      Turns: 3126, Time: 00:07:18

Health: -1/33      AC:  2    Str:  4    XL:     6   Next: 46%
Magic:  1/13       EV: 14    Int: 27    God:
Gold:   101        SH:  0    Dex: 19    Spells: 5/12 levels left

rFire   . . .        c - +0 quarterstaff
rCold   . . .        (shield currently unavailable)
rNeg    . . .        a - +0 robe
rPois   .            (no helmet)
rElec   .            (no cloak)
rCorr   .            (no gloves)
SInv    .            (no boots)
Will    .....        (no amulet)
Stlth   +++          g - +6 ring of intelligence
HPRegen 0.25/turn    (no ring)
MPRegen 0.13/turn

%: no passive effects
@: very slightly contaminated
A: agile 1, wild magic 1
a: no special abilities


You were on level 4 of the Dungeon.
You visited 1 branch of the dungeon, and saw 5 of its levels.

You collected 101 gold pieces.

Inventory:

Hand Weapons
 c - a +0 quarterstaff (weapon)
Armour
 a - a +0 robe (worn)
Jewellery
 g - a +6 ring of intelligence (left hand)
Scrolls
 b - a scroll of fear {unknown}
 f - a scroll of enchant armour {unknown}
 h - a scroll of fog {unknown}
 j - a scroll of noise {unknown}
 p - a scroll of magic mapping {unknown}
 r - a scroll of amnesia {unknown}
 s - 2 scrolls of teleportation {unknown}
 u - 2 scrolls of poison {unknown}
 w - a scroll of torment {unknown}
Potions
 i - a potion of flight
 k - a potion of curing
 l - a potion of brilliance
 n - 2 potions of resistance {unknown}
 o - a potion of haste
 q - a potion of might {unknown}
 t - a potion of degeneration {unknown}
 v - a potion of ambrosia {unknown}


   Skills:
 + Level 0.5 Fighting
 + Level 2.9 Staves
 + Level 3.5 Dodging
 + Level 4.0 Stealth
 + Level 3.7 Spellcasting
 + Level 4.0 Conjurations
 + Level 4.1 Fire Magic


You had 5 spell levels left.
You knew the following spells:

 Your Spells              Type           Power      Damage    Failure   Level
a - Foxfire               Conj/Fire      100%       2x1d9     3%          1
b - Scorch                Fire           70%        2d8       4%          2
c - Flame Wave            Conj/Fire      35%        2d10      22%         4

Your spell library contained the following spells:

 Spells                   Type           Power      Damage    Failure   Level
 Inner Flame              Hex/Fire       21%        N/A       16%         3
 Volatile Blastmotes      Fire/Tloc      42%        2d13      16%         3
 Malign Gateway           Summ/Tloc      3%         N/A       100%        7
 Summon Horrible Things   Summ           3%         N/A       100%        8


Dungeon Overview and Level Annotations

Branches:
Dungeon (5/15)
 Temple: D:4-7

Altars:


Innate Abilities, Weirdness & Mutations

You are agile. (Dex +4, Str/Int -1)
Your spells are a little harder to cast, but a little more powerful.


Message History

b - a scroll labelled BYESEYJOIM A gnoll comes into view.
It is wielding a +0 club.
A gnoll is nearby!
A gnoll is nearby!
A gnoll is nearby!
The gnoll shouts!
You hear a shout!
A gnoll comes into view. It is wielding a +0 club.
The gnoll barely misses you.
You hit the gnoll but do no damage. The gnoll hits you with a +0 club.
You hit the gnoll but do no damage. The gnoll closely misses you.
You hit the gnoll but do no damage. The gnoll closely misses you.
You hit the gnoll but do no damage. The gnoll closely misses you.
Casting: Scorch (safe; 4% risk of failure)
Confirm with . or Enter, or press ? or * to list all spells.
The spell is extremely dangerous to miscast (22% risk of failure)!
Continue anyway?
Casting: Flame Wave (extremely dangerous; 22% risk of failure)
Press: ? - help, Dir - look around, f - activate You miscast Flame Wave.
You are very lightly contaminated with residual magic.
Nothing appears to happen.
The gnoll hits you with a +0 club.
A gnoll comes into view. It is wielding a +0 flail.
Unknown command.
Casting: Flame Wave (extremely dangerous; 22% risk of failure)
Confirm with . or Enter, or press ? or * to list all spells.
The spell is extremely dangerous to miscast (22% risk of failure)!
Continue anyway?
Casting: Flame Wave (extremely dangerous; 22% risk of failure)
Press: ? - help, Dir - look around, f - activate You miscast Flame Wave.
Sparks fly from your hands!
The gnoll shouts!
The gnoll closely misses you. The gnoll hits you with a +0 club.
Unknown command.
Casting: Flame Wave (extremely dangerous; 22% risk of failure)
Confirm with . or Enter, or press ? or * to list all spells.
The spell is extremely dangerous to miscast (22% risk of failure)!
Continue anyway?
Casting: Flame Wave (extremely dangerous; 22% risk of failure)
Press: ? - help, Dir - look around, f - activate You miscast Flame Wave.
Energy rips through your body!
* * * LOW HITPOINT WARNING * * *
The gnoll hits you with a +0 club.
You die...

..........##### ..
.>............# ...
###.......#.#... ...)
#..##g.#### .....
#.#......## ###......
....####..####>...$...
.........##)[...)........
.......gg...)#.....).....
........@...##...........
...........####...รท......
............##..........#
...............[.........
..#......................
..##.....................
#.........))..........
##........)...........
#.....#.....)).....#.


You could see 3 gnolls.

Vanquished Creatures
  Sigmund (D:2)
  An orc priest (D:4)
  Terence (D:2)
  An orc wizard (D:4)
  2 adders
  An ufetubus (D:4)
  2 worms (D:2)
  4 dart slugs
  20 orcs
  3 bats
  2 endoplasms
  6 giant cockroaches
  7 goblins
  10 hobgoblins
  2 jackals (D:1)
  A quokka (D:4)
  6 ball pythons
  4 frilled lizards
  4 kobolds
  4 rats
82 creatures vanquished.

Vanquished Creatures (others)
  75 foxfires
75 creatures vanquished.

Grand Total: 157 creatures vanquished

Notes
Turn   | Place    | Note
-------+----------+-------------------------------------------
     0 | D:1      | hawla the Deep Elf Fire Elementalist began the quest for
                  | the Orb.
     0 | D:1      | Reached XP level 1. HP: 10/10 MP: 6/6
   181 | D:1      | Reached XP level 2. HP: 15/15 MP: 4/8
   184 | D:1      | Learned a level 2 spell: Scorch
   963 | D:2      | Noticed Sigmund
   973 | D:2      | Killed Sigmund
   974 | D:2      | Reached XP level 3. HP: 11/20 MP: 0/10
   974 | D:2      | Reached XP level 4. HP: 13/24 MP: 0/11
   974 | D:2      | Reached XP level 5. HP: 16/28 MP: 0/12
   979 | D:2      | Learned a level 4 spell: Flame Wave
  1574 | D:2      | Noticed Terence
  1582 | D:2      | Killed Terence
  2173 | D:3      | You fall into a shaft and drop 2 floors!
  2173 | D:5      | Entered Level 5 of the Dungeon
  2220 | D:4      | Reached XP level 6. HP: 18/33 MP: 5/13
  3029 | D:4      | Gained mutation: You are agile. (Dex +4, Str/Int -1)
                  | [potion of mutation]
  3029 | D:4      | Gained mutation: Your spells are a little harder to cast,
                  | but a little more powerful. [potion of mutation]
  3126 | D:4      | Slain by a gnoll

Illustrated notes

Levels and vault maps discovered:
D:1:      nicolae_arrival_washed_ashore, layout_loops_ring, hex_tiny,
          minmay_misc_feat_columns, kennysheep_doodads
D:2:      layout_basic, interstate_on_off, hangedman_abyss_or_decor_lesser_grid,
          minmay_cut_off, uniq_sigmund, uniq_terence
D:3:      layout_loops_ring, grunt_decor_arrowhead
D:4:      layout_cave_pools, mainiacjoe_overflow_boulevard,
          nicolae_concentric_dashed_squares_wild, minmay_close_crescents
D:5:      minmay_goblin_kobold_castle, layout_loops_ring,
          nicolae_overflow_hallway_of_the_gods, roderic_lattice_a,
          minmay_misc_feat_pillars, minmay_manual_moon, uniq_crazy_yiuf_cottage

Skill      XL: |  1  2  3  4  5  6 |
---------------+-------------------+-----
Dodging        | 3 |  3.5
Staves         | 2 |  2.9
Stealth        | 3 4 |  4.0
Fire Magic     | 4 |  4.1
Conjurations   | 3 4 |  4.0
Fighting       | |  0.5
Spellcasting   | |  3.7

Action                     |  1- 3 |  4- 6 || total
---------------------------+-------+-------++-------
  Melee: Unarmed           |     9 |       ||     9
         Quarterstaff      |    38 |    86 ||   124
   Cast: Foxfire           |    20 |    20 ||    40
         Scorch            |     3 |    13 ||    16
         Flame Wave        |       |     6 ||     6
    Use: Scroll            |       |     6 ||     6
         Potion            |       |     2 ||     2
   Stab: Sleeping          |     6 |     6 ||    12
 Armour: Robe              |    14 |    11 ||    25
  Dodge: Dodged            |    27 |    67 ||    94
